 Dungeon Crawl Stone Soup version 0.28.0-53-g5a82cb258f (webtiles) character file.

Game seed: 11254352530675555603

88 MiltankisOP the Changer (level 4, -3/36 HPs)
             Began as a Draconian Transmuter on June 14, 2022.
             Slain by an orc warrior
             ... wielding a +0 trident
              (11 damage)
             ... on level 3 of the Dungeon.
             The game lasted 00:03:33 (2557 turns).

MiltankisOP the Changer (Draconian Transmuter)      Turns: 2557, Time: 00:03:34

Health: -3/36      AC:  5    Str: 10    XL:     4   Next: 29%
Magic:  6/7        EV: 12    Int: 16    God:
Gold:   88         SH:  0    Dex: 11    Spells: 6/7 levels left

rFire   + . .      SeeInvis .     - Unarmed
rCold   . . .      Faith    .   (no shield)
rNeg    . . .      Spirit   .   (armour unavailable)
rPois   .          Reflect  .   (helmet currently unavailable)
rElec   .          Harm     .   (no cloak)
rCorr   .          Rampage  .   (no gloves)
Will    .....                   (boots currently unavailable)
Stlth   +.........              (no amulet)
HPRegen 0.12/turn               (no ring)
MPRegen 0.10/turn               (no ring)

@: appendages, unable to read
A: horns 2, talons 2, AC +5, unfitting armour, cold-blooded, fire resistance 1,
weak 1, inability to read while threatened
a: End Transformation


You were on level 3 of the Dungeon.
You had temporarily grown beastly horns and talons.
You visited 1 branch of the dungeon, and saw 3 of its levels.

You collected 88 gold pieces.

Inventory:

Magical Staves
 b - a staff of earth
Scrolls
 d - 2 scrolls of teleportation {unknown}
 e - a scroll of magic mapping {unknown}
 i - a scroll of blinking {unknown}
Potions
 a - a potion of resistance {unknown}
 c - a potion of lignification
 g - a potion of brilliance
 h - 3 potions of curing


   Skills:
 - Level 1.7 Fighting
 - Level 2.2 Dodging
 - Level 3.2 Unarmed Combat
 - Level 2.3 Spellcasting
 + Level 3.6 Transmutations


You had 6 spell levels left.
You knew the following spells:

 Your Spells              Type           Power      Damage    Failure   Level
a - Beastly Appendage     Tmut           26%        N/A       4%          1

Your spell library contained the following spells:

 Spells                   Type           Power      Damage    Failure   Level
 Wereblood                Tmut           13%        N/A       7%          2
 Spider Form              Tmut/Pois      7%         N/A       28%         3
 Ozocubu's Armour         Ice            1%         N/A       52%         3
 Ice Form                 Ice/Tmut       7%         N/A       67%         4
 Ozocubu's Refrigeration  Ice            0%         4d5       100%        7


Dungeon Overview and Level Annotations

Branches:
Dungeon (3/15)

Altars:

Shops:
D:1 [


Innate Abilities, Weirdness & Mutations

You have temporarily grown beastly horns and talons.
Your plain brown scales are hard. (AC +5)
You cannot fit into any form of body armour.
You are cold-blooded and may be slowed by cold attacks.
Your flesh is heat resistant. (rF+)
You are weak. (Str -2)
You sometimes lose the ability to read scrolls when taking damage.


Message History

a +0 hand axe; a +0 leather armour
There is a stone staircase leading up here.
You climb upwards.
There is a stone staircase leading down here.
Done exploring.
Done exploring.
As you read the scroll labelled OSATHI QOSAPIO, it crumbles to dust.
It is a scroll of identify.
c - a potion of lignification
As you read the scroll of identify, it crumbles to dust.
h - 3 potions of curing
As you read the scroll of identify, it crumbles to dust.
g - a potion of brilliance
As you read the scroll of identify, it crumbles to dust.
j - a potion of mutation You feel extremely strange.
You lose the ability to read scrolls when threatened.
You feel weaker.
You feel resistant to heat.
There is a stone staircase leading down here.
Casting: Beastly Appendage (safe; 4% risk of failure)
Confirm with . or Enter, or press ? or * to list all spells.
You grow a pair of large bovine horns.
Your feet morph into talons.
You climb downwards.
The orc shouts!
The goblin shouts!
There is a stone staircase leading up here.
The orc hits you but does no damage.
The orc warrior hits you with a +0 trident!
Things that are here:
a +0 leather armour; a +0 hand axe You hit the orc but do no damage.
Your kick misses the orc. The orc hits you with a +0 hand axe.
You feel threatened and lose the ability to read scrolls!
The orc warrior hits you with a +0 trident!
* * * LOW HITPOINT WARNING * * *
The orc warrior hits you from afar with a +0 trident.
* * * LOW HITPOINT WARNING * * *
There is a stone staircase leading up here.
The orc hits you but does no damage. The goblin hits you but does no damage.
The orc warrior hits you from afar with a +0 trident!
You die...

#. #(##.#.##
##..###.......##
#..............###.
....##.............
.. #............"
#..)).).......
#.....)o......
##....go.....#
........)@...#.#
.###.............
#..........#..
............# .
##...........#
...............
####........####
..........


You could see an orc warrior, an orc and a goblin.

Vanquished Creatures
  2 adders (D:3)
  3 dart slugs (D:1)
  2 orcs (D:3)
  4 endoplasms
  A giant cockroach (D:3)
  10 goblins
  4 hobgoblins
  9 ball pythons
  12 bats
  5 frilled lizards
  4 kobolds
  4 rats
  A bush (D:2)
61 creatures vanquished.

Vanquished Creatures (others)
  A plant (D:2)
1 creature vanquished.

Grand Total: 62 creatures vanquished

Notes
Turn   | Place    | Note
-------+----------+-------------------------------------------
     0 | D:1      | MiltankisOP the Draconian Transmuter began the quest for
                  | the Orb.
     0 | D:1      | Reached XP level 1. HP: 16/16 MP: 3/3
   289 | D:1      | Reached XP level 2. HP: 23/23 MP: 3/5
   666 | D:1      | Reached XP level 3. HP: 29/29 MP: 4/6
   745 | D:1      | Found a faded altar of an unknown god.
   799 | D:1      | Found Muopn's Antique Armour Shoppe.
  2295 | D:3      | Reached XP level 4. HP: 29/36 MP: 7/7
  2525 | D:3      | Noticed an orc warrior
  2540 | D:2      | Gained mutation: You sometimes lose the ability to read
                  | scrolls when taking damage. [potion of mutation]
  2540 | D:2      | Gained mutation: You are weak. (Str -2) [potion of
                  | mutation]
  2540 | D:2      | Gained mutation: Your flesh is heat resistant. (rF+)
                  | [potion of mutation]
  2557 | D:3      | Slain by an orc warrior

Illustrated notes

Levels and vault maps discovered:
D:1:      kennysheep_arrival_seaside, layout_loops_ring, serial_shops,
          nicolae_shop_waterfront, nicolae_ecumenical_snake_handling,
          minmay_heptomino_o4
D:2:      layout_basic, serial_forest, infiniplex_forest_lined_corner,
          infiniplex_forest_lined_room_, infiniplex_forest_lined_4_way,
          infiniplex_forest_clump_tiny, infiniplex_forest_zigzag_1,
          infiniplex_forest_clump_diagonal, minmay_misc_feat_chi,
          item_on_display_a
D:3:      layout_rooms, nicolae_overflow_hidden_temple, general_overflow_altar

Skill      XL: |  1  2  3 |
---------------+----------+-----
Dodging        | 2 |  2.2
Transmutations | 3 |  3.6
Fighting       | |  1.7
Unarmed Combat | |  3.2
Spellcasting   | |  2.3

Action                   |  1- 3 |  4- 6 || total
-------------------------+-------+-------++-------
Melee: Unarmed           |   248 |    23 ||   271
       Kick              |    44 |     1 ||    45
       Headbutt          |    26 |       ||    26
       Punch             |     7 |     1 ||     8
       Tailslap          |    49 |     1 ||    50
 Cast: Beastly Appendage |    31 |     3 ||    34
  Use: Scroll            |       |     4 ||     4
       Potion            |       |     1 ||     1
 Stab: Sleeping          |     2 |       ||     2
Armor: Skin              |    40 |    13 ||    53
Dodge: Dodged            |    75 |     7 ||    82
